 Dungeon Crawl Stone Soup version 0.16.1-16-gc44b35d (webtiles) character file.

57857 RepoMan the Arsonist (level 14, 0/99 HPs)
             Began as a Mummy Fire Elementalist on Apr 15, 2015.
             Was an Initiate of Gozag.
             Slain by a sun demon (18 damage)
             ... on level 4 of the Orcish Mines on Apr 18, 2015.
             The game lasted 07:06:01 (38783 turns).

RepoMan the Arsonist (Mummy Fire Elementalist)     Turns: 38783, Time: 07:06:03

Health: 0/99       AC: 11    Str: 11    XL:     14   Next: 47%
Magic:  15/42      EV: 13    Int: 21    God:    Gozag
Gold:   4688       SH:  0    Dex: 12    Spells: 10 memorised, 2 levels left

rFire  . . .     SeeInvis .     d - +2 dagger (flame)
rCold  + . .     Clarity  +     W - +2 leather armour {rF+}
rNeg   + + +     SustAb   .     (no shield)
rPois  ∞         Gourm    .     N - +1 hat {Int+3}
rElec  .         Spirit   .     S - +2 cloak
rCorr  .         Warding  .     I - +0 pair of gloves
rMut   .         Stasis   .     u - +0 pair of boots {run}
MR     ++...                    x - amulet of clarity
Stlth  ++........               F - ring of protection from magic
                                c - ring of magical power

@: quick, very resistant to hostile enchantments, unstealthy
A: no food or potions, fire vulnerability, in touch with death, restore body,
cold resistance 1, negative energy resistance 3, poison resistance, torment
resistance, unbreathing
a: Self-Restoration, Potion Petition, Call Merchant, Bribe Branch, Renounce
Religion


You were on level 4 of the Orcish Mines.
You worshipped Gozag.
Gozag was noncommittal.
You were not hungry.

You visited 4 branches of the dungeon, and saw 22 of its levels.
You also visited: Ice Cave and Volcano.

You collected 7165 gold pieces.
You spent 1588 gold pieces at shops.
You paid 889 gold pieces to Gozag.

Inventory:

Hand weapons
 d - a +2 dagger of flaming (weapon)
 f - a +3 hunting sling of flaming
 T - a +1 rapier of flaming
Missiles
 h - 92 sling bullets
 m - 21 poisoned sling bullets
 w - 12 exploding sling bullets
Armour
 u - a +0 pair of boots of running (worn)
 D - a +0 robe of magic resistance
 I - a +0 pair of gloves (worn)
 K - a +2 robe of cold resistance
 N - a +1 hat of intelligence (worn)
 Q - a +2 robe of magic resistance
 S - a +2 cloak (worn)
 U - a +1 robe of positive energy
 W - a +2 leather armour of fire resistance (worn)
Jewellery
 c - a ring of magical power (left hand)
 e - an uncursed ring of protection from cold
 n - an uncursed ring of teleportation
 x - an amulet of clarity (around neck)
 F - a ring of protection from magic (right hand)
 P - a +4 ring of evasion
 R - an uncursed ring of protection from cold
Magical devices
 b - a wand of fire (3)
 l - a wand of disintegration (13)
 r - a wand of enslavement (11)
 s - a wand of cold (0)
 B - a wand of slowing (12)
 G - a wand of fireball (1)
 J - a wand of teleportation (6)
Scrolls
 a - 2 scrolls of blinking
 g - a scroll of magic mapping
 j - 2 scrolls of identify
 o - 3 scrolls of torment
 p - a scroll of fog
 t - a scroll of fear
 v - a scroll of enchant weapon
 z - 2 scrolls of immolation
 E - 2 scrolls of amnesia
 L - 5 scrolls of teleportation
 V - 2 scrolls of remove curse
Books
 i - a book of Hinderance

   Spells                             Type                      Level
   a - Confusing Touch                Hexes                        2
   b - Confuse                        Hexes                        3
   c - Petrify                        Transmutation/Earth          4
   d - Metabolic Englaciation         Hexes/Ice                    5
   e - Gell's Gravitas                Hexes/Translocation          5
   f - Summon Mana Viper              Hexes/Summoning              5
 k - a book of Party Tricks

   Spells                             Type                      Level
   a - Summon Butterflies             Summoning                    1
   b - Apportation                    Translocation                1
   c - Tukima's Dance                 Hexes                        3
   d - Alistair's Intoxication        Transmutation/Poison         4
   e - Invisibility                   Hexes                        6
 q - a book of Minor Magic

   Spells                             Type                      Level
   a - Magic Dart                     Conjuration                  1
   b - Blink                          Translocation                2
   c - Call Imp                       Summoning                    2
   d - Repel Missiles                 Charms/Air                   2
   e - Slow                           Hexes                        2
   f - Conjure Flame                  Conjuration/Fire             3
   g - Mephitic Cloud                 Conjuration/Poison/Air       3
 y - a book of the Tempests

   Spells                             Type                      Level
   a - Static Discharge               Conjuration/Air              3
   b - Lightning Bolt                 Conjuration/Air              5
   c - Fireball                       Conjuration/Fire             5
   d - Tornado                        Air                          9
   e - Shatter                        Earth                        9
 A - a book of the Dragon

   Spells                             Type                      Level
   a - Flight                         Charms/Air                   3
   b - Cause Fear                     Hexes                        4
   c - Bolt of Fire                   Conjuration/Fire             6
   d - Dragon Form                    Transmutation                7
   e - Dragon's Call                  Summoning                    9
 C - a Necronomicon {highlevel, unknown}

   This book is beyond your current level of understanding.

   Spells                             Type                      Level
   a - Haunt                          Necromancy/Summoning         7
   b - Borgnjor's Revivification      Necromancy                   8
   c - Death's Door                   Charms/Necromancy            8
   d - Necromutation                  Transmutation/Necromancy     8
 H - a book of Control

   Spells                             Type                      Level
   a - Control Teleport               Charms/Translocation         4
   b - Control Undead                 Necromancy                   4
   c - Enslavement                    Hexes                        4
   d - Metabolic Englaciation         Hexes/Ice                    5
   e - Mass Confusion                 Hexes                        6
 M - a book of Burglary

   Spells                             Type                      Level
   a - Swiftness                      Charms/Air                   2
   b - Passwall                       Transmutation/Earth          3
   c - Passage of Golubria            Translocation                4
   d - Lee's Rapid Deconstruction     Earth                        5
   e - Invisibility                   Hexes                        6
   f - Darkness                       Hexes                        7
 O - a book of Conjurations

   Spells                             Type                      Level
   a - Magic Dart                     Conjuration                  1
   b - Searing Ray                    Conjuration                  2
   c - Dazzling Spray                 Conjuration/Hexes            3
   d - Fulminant Prism                Conjuration/Hexes            4
   e - Iskenderun's Mystic Blast      Conjuration                  4
   f - Iskenderun's Battlesphere      Conjuration/Charms           5


   Skills:
 + Level 5.9 Fighting
 - Level 4.7 Dodging
 - Level 1.5 Stealth
 + Level 11.2 Spellcasting
 + Level 10.7 Conjurations
 - Level 4.4 Charms
 - Level 2.0 Translocations
 * Level 13.5 Fire Magic


You had 2 spell levels left.
You knew the following spells:

 Your Spells              Type           Power        Failure   Level  Hunger
a - Flame Tongue          Conj/Fire      #####        1%          1    N/A
b - Blink                 Tloc           N/A          6%          2    N/A
c - Conjure Flame         Conj/Fire      ######..     1%          3    N/A
d - Sticky Flame          Conj/Fire      ######..     1%          4    N/A
e - Fireball              Conj/Fire      ######....   1%          5    N/A
f - Bolt of Fire          Conj/Fire      ######....   12%         6    N/A
g - Apportation           Tloc           ###.......   3%          1    N/A
i - Inner Flame           Hex/Fire       #####...     1%          3    N/A
o - Iskenderun's Battles  Conj/Chrm      #####...     12%         5    N/A
s - Dazzling Spray        Conj/Hex       ####....     2%          3    N/A

Dungeon Overview and Level Annotations

Branches:
Dungeon (12/15)            Temple (1/1) D:4            Lair (5/8) D:10
  Swamp (0/5) Lair:5        Snake (0/5) Lair:3          Orc (4/4) D:11
    Elf (0/3) Orc:3

Altars:
Ashenzari
Cheibriados
Dithmenos
Elyvilon
Fedhas
Gozag
Kikubaaqudgha
Makhleb
Nemelex Xobeh
Okawaru
Qazlal
Ru
Sif Muna
Trog
Vehumet
Xom
Yredelemnul
Zin
The Shining One
Beogh

Shops:
D:5 [   Orc:3 :   Orc:4 %*%

Annotations:
D:3 Sigmund
Lair:4 exclusion: oklob plant


Innate Abilities, Weirdness & Mutations

You do not eat or drink.
Your flesh is vulnerable to fire.
You are in touch with the powers of death.
You can restore your body by infusing magical energy.
Your flesh is cold resistant.
You are immune to negative energy.
Your system is resistant to poisons.
You are immune to unholy pain and torment.
You can survive without breathing.


Message History

The sun demon hits you!
You are engulfed in flames!
* * * LOW HITPOINT WARNING * * *
Press: ? - help, v - describe, . - travel
Here: a sun demon (almost dead, blind)
The floor.
Unknown command.
Casting: Dazzling Spray
Confirm with . or Enter, or press ? or * to list all spells.
Aiming: Dazzling Spray
Press: ? - help, Shift-Dir - straight line, f/p - sun demon
Aim: a sun demon (almost dead, blind)
The spray of energy hits the sun demon.
The sun demon is almost dead.
The sun demon is dazzled.
Your battlesphere fires!
The barrage of energy hits the sun demon.
The sun demon is almost dead.
The sun demon hits you!!
You die...
Your body crumbles into a pile of gold.

##........)###....#.#...).....
##...#.#.#)[[###.......).......
##.........[)))###.....)).[[∩...
##..#.#.....#)#))###.......[.....
#..##....#).).##.)###.........)..
))###...###..)###(.###..........(
)###...##,##...###.(###.........#
###...##,,,##*.[###[)##..........
##...##,,,,,##).@###.[[......)...
#...#*,,*,*,,##..3###[[[[........
,#.#*,,*∩,∩*,,##)#.###)..[.......
,,#*,,#*,,,**,,##[..###).....<...
,*,**..#*∩**,,##.#(###.......)...
*,,,*#..###,,##...###.......#....
**,,,*#..#.,##).)###...)..[.)#.#.
**,,,**...##...###.........#....
*#...#.#.#...###....[......)..[


You could see a sun demon (blind).

Vanquished Creatures
  Gastronok (D:8)
  Snorg (Orc:1)
  Josephine (D:10)
  Fannar (Lair:3)
  A tengu warrior (D:12)
  A death yak (Lair:5)
  2 orc high priests (Orc:4)
  A soul eater (Orc:4)
  Erolcha (D:11)
  5 skeletal warriors
  2 ice statues
  2 unseen horrors
  Pikel (D:9)
  2 hill giants
  4 orc knights (Orc:4)
  A necromancer (IceCv)
  An ugly thing (D:11)
  4 orc sorcerers (Orc:4)
  An elephant (Lair:5)
  A toenail golem (Volcano)
  A cyclops (D:12)
  Joseph (D:12)
  5 black mambas
  2 smoke demons
  Psyche (D:9)
  A gargoyle (D:12)
  4 fire drakes
  8 spiny frogs
  2 komodo dragons
  A tengu conjurer (D:12)
  10 freezing wraiths (IceCv)
  A two-headed ogre (D:12)
  Grinder (D:4)
  2 red devils
  4 trolls
  A raven (D:12)
  3 blink frogs (Lair:3)
  5 wraiths
  3 basilisks
  7 wyverns
  A shadow (D:12)
  2 deep elf magi
  Eustachio (D:9)
  31 yaks
  Grum (D:8)
  3 vampire mosquitoes (D:12)
  7 hippogriffs
  2 hungry ghosts
  7 wolves
  A death yak simulacrum (IceCv)
  3 wargs
  6 swamp worms (Lair:5)
  11 porcupines
  2 soldier ants (D:8)
  2 sky beasts (D:12)
  14 ice beasts
  2 necrophages
  32 orc warriors
  2 slaves (D:9)
  12 water moccasins
  11 centaurs
  An alligator simulacrum (IceCv)
  11 ogres
  2 phantoms
  10 crocodiles
  Duvessa (Orc:1)
  3 big kobolds
  Blork the orc (D:8)
  A brain worm (D:8)
  A gnoll sergeant (Orc:4)
  18 giant frogs
  A water moccasin skeleton (D:8)
  2 scorpions
  24 wights
  8 killer bees
  2 goliath beetles
  3 electric eels
  Dowan (Orc:1)
  6 crimson imps
  5 draconian simulacra (IceCv)
  11 hounds
  2 quasits
  2 centaur zombies
  6 jellies
  26 orc priests
  3 centaur skeletons
  A giant frog skeleton (D:10)
  30 orc wizards
  A spriggan simulacrum (IceCv)
  5 iguanas
  8 troll simulacra (IceCv)
  11 worker ants
  2 wolf simulacra (IceCv)
  4 hound zombies
  A hound skeleton (D:5)
  Robin (D:4)
  25 adders
  6 gnolls (Orc:4)
  2 ogre simulacra (IceCv)
  4 naga simulacra (IceCv)
  37 river rats
  4 shadow imps
  3 giant mites
  12 white imps (IceCv)
  4 worms
  An adder zombie (D:7)
  4 giant geckos
  2 oozes
  163 orcs
  24 bats
  A bat zombie (D:7)
  34 goblins
  20 hobgoblins
  12 jackals
  22 kobolds
  10 quokkas
  3 ball pythons
  5 giant cockroaches
  2 giant newts (D:2)
  A giant spore (D:8)
  12 rats
  5 ballistomycetes
  A fungus (Lair:2)
  A plant (Lair:2)
885 creatures vanquished.

Vanquished Creatures (others)
  2 slaves (D:9)
  2 wights (D:9)
  4 kobolds
  A quokka (D:9)
  A giant spore (D:11)
  8 toadstools (Lair:4)
18 creatures vanquished.

Grand Total: 903 creatures vanquished

Notes
Turn   | Place    | Note
--------------------------------------------------------------
     0 | D:1      | RepoMan, the Mummy Fire Elementalist, began the quest for the Orb.
     0 | D:1      | Reached XP level 1. HP: 13/13 MP: 3/3
    20 | D:1      | Reached skill level 1 in Conjurations
   587 | D:1      | Reached XP level 2. HP: 17/19 MP: 2/4
   613 | D:1      | Learned a level 2 spell: Throw Flame
  1084 | D:1      | Reached XP level 3. HP: 24/24 MP: 4/6
  1190 | D:1      | Reached skill level 3 in Fire Magic
  1781 | D:2      | Reached XP level 4. HP: 30/30 MP: 6/8
  1808 | D:2      | Learned a level 3 spell: Conjure Flame
  2258 | D:2      | Found a snail-covered altar of Cheibriados.
  2271 | D:2      | Found a deep blue altar of Sif Muna.
  2740 | D:3      | Found an opulent altar of Gozag.
  2773 | D:3      | Reached XP level 5. HP: 35/35 MP: 8/10
  2781 | D:3      | Learned a level 3 spell: Inner Flame
  2862 | D:3      | Became a worshipper of Gozag Ym Sagoz the Greedy
  3138 | D:3      | Found a bloodstained altar of Trog.
  3337 | D:3      | Noticed Sigmund
  3597 | D:4      | Reached skill level 4 in Fire Magic
  3674 | D:4      | Noticed Grinder
  3681 | D:4      | Paralysed by Grinder for 4 turns
  3689 | D:4      | Killed Grinder
  3689 | D:4      | Reached XP level 6. HP: 41/41 MP: 0/13
  3813 | D:4      | Noticed Robin
  3823 | D:4      | Killed Robin
  4251 | D:4      | Found a staircase to the Ecumenical Temple.
  4251 | D:4      | Noticed an ogre
  4258 | D:4      | Killed an ogre
  4258 | D:4      | Reached skill level 5 in Fire Magic
  4258 | D:4      | Reached XP level 7. HP: 46/46 MP: 4/15
  4325 | Temple   | Entered the Ecumenical Temple
  4572 | D:4      | Learned a level 4 spell: Sticky Flame
  5232 | D:4      | Found a glowing golden altar of the Shining One.
  5340 | D:5      | Entered Level 5 of the Dungeon
  5351 | D:5      | Found Skaruwis' Armour Shoppe.
  5610 | D:5      | Bought a +0 pair of boots of running for 378 gold pieces
  6171 | D:5      | Reached XP level 8. HP: 49/52 MP: 15/18
  6193 | D:5      | Found an iron altar of Okawaru.
  6460 | D:5      | Reached skill level 6 in Fire Magic
  6958 | D:6      | Reached skill level 5 in Spellcasting
  7157 | D:6      | Found a sacrificial altar of Ru.
  7407 | D:6      | Reached skill level 7 in Fire Magic
  8094 | D:7      | Reached XP level 9. HP: 53/57 MP: 14/22
  8197 | D:7      | Reached skill level 5 in Conjurations
  8548 | D:7      | Found a sparkling altar of Nemelex Xobeh.
  9396 | D:7      | Reached skill level 8 in Fire Magic
  9720 | D:7      | Identified a scroll of acquirement
  9774 | D:7      | Learned a level 3 spell: Stone Arrow
 10291 | D:8      | Found a white marble altar of Elyvilon.
 10635 | D:8      | Noticed Grum
 10652 | D:8      | Killed Grum
 10824 | D:8      | Learned a level 5 spell: Fireball
 10995 | D:8      | Noticed Blork the orc
 11003 | D:8      | Killed Blork the orc
 11158 | D:8      | Noticed Gastronok
 11169 | D:8      | Killed Gastronok
 11169 | D:8      | Reached skill level 9 in Fire Magic
 11169 | D:8      | Reached XP level 10. HP: 33/63 MP: 13/25
 11913 | D:9      | Noticed Psyche
 11919 | D:9      | Killed Psyche
 12129 | D:9      | Noticed an ice statue
 12300 | D:9      | Killed an ice statue
 12305 | D:9      | Found a sparkling altar of Nemelex Xobeh.
 12521 | D:9      | Reached skill level 10 in Fire Magic
 13322 | D:9      | Noticed Eustachio
 13339 | D:9      | Killed Eustachio
 13527 | D:9      | Noticed Pikel
 13546 | D:9      | Killed Pikel
 13591 | D:9      | Reached XP level 11. HP: 46/68 MP: 4/27
 14527 | D:10     | Entered Level 10 of the Dungeon
 14527 | D:10     | Noticed a hill giant
 14535 | D:10     | Killed a hill giant
 14858 | D:10     | Found a staircase to the Lair.
 15303 | D:10     | Reached skill level 11 in Fire Magic
 15669 | D:10     | Noticed Josephine
 15984 | D:10     | Killed Josephine
 16626 | Lair:1   | Entered Level 1 of the Lair of Beasts
 18567 | Lair:2   | Found a frozen archway.
 18648 | IceCv    | Entered an ice cave
 18925 | IceCv    | Reached XP level 12. HP: 74/74 MP: 7/29
 19336 | IceCv    | Reached skill level 1 in Fighting
 19336 | IceCv    | Reached skill level 12 in Fire Magic
 19384 | IceCv    | Found an ancient bone altar of Kikubaaqudgha.
 19440 | IceCv    | Noticed an ice statue
 19446 | IceCv    | Killed an ice statue
 19494 | IceCv    | Noticed a necromancer
 19761 | IceCv    | Killed a necromancer
 22810 | Lair:3   | Reached skill level 10 in Spellcasting
 22916 | Lair:3   | Noticed Fannar
 22927 | Lair:3   | Killed Fannar
 23057 | Lair:3   | Found a staircase to the Snake Pit.
 24324 | Lair:4   | Found an opulent altar of Gozag.
 24471 | Lair:4   | Reached XP level 13. HP: 88/88 MP: 31/31
 24546 | Lair:4   | Found a blossoming altar of Fedhas.
 25882 | Lair:5   | Reached skill level 13 in Fire Magic
 26104 | Lair:5   | Found a staircase to the Swamp.
 27385 | D:10     | Learned a level 1 spell: Apportation
 28100 | D:11     | Found a staircase to the Orcish Mines.
 28507 | D:11     | Learned a level 5 spell: Iskenderun's Battlesphere
 28690 | D:11     | Noticed Erolcha
 28697 | D:11     | Learned a level 3 spell: Dazzling Spray
 28703 | D:11     | Learned a level 4 spell: Iskenderun's Mystic Blast
 28714 | D:11     | Killed Erolcha
 29133 | D:11     | Reached skill level 1 in Charms
 30278 | D:12     | Noticed Joseph
 30290 | D:12     | Killed Joseph
 31486 | D:12     | Reached skill level 10 in Conjurations
 32750 | D:11     | Reached XP level 14. HP: 90/96 MP: 21/32
 32991 | Orc:1    | Entered Level 1 of the Orcish Mines
 33047 | Orc:1    | Noticed Snorg
 33059 | Orc:1    | Killed Snorg
 33210 | Orc:1    | Found a roughly hewn altar of Beogh.
 33480 | Orc:1    | Reached skill level 5 in Fighting
 33831 | Orc:2    | Found a deep blue altar of Sif Muna.
 33985 | Orc:1    | Noticed Dowan
 33989 | Orc:1    | Noticed Duvessa
 33993 | Orc:1    | Killed Duvessa
 33994 | Orc:1    | Killed Dowan
 34104 | Orc:2    | Identified Sif Muna's Tome of Moulding (You found it on level 2 of the Orcish Mines)
 34158 | Orc:3    | Found Thice's Book Shoppe.
 34209 | Orc:3    | Found a staircase to the Elven Halls.
 34217 | Orc:3    | Bought a book of Minor Magic for 220 gold pieces
 34220 | Orc:3    | Learned a level 2 spell: Blink
 34221 | Orc:3    | Bought a book of the Dragon for 990 gold pieces
 34228 | Orc:3    | Learned a level 6 spell: Bolt of Fire
 34300 | Orc:3    | Reached skill level 1 in Translocations
 35821 | Orc:4    | Entered Level 4 of the Orcish Mines
 36096 | Orc:4    | Found a dark tunnel.
 36130 | Volcano  | Entered a volcano
 36528 | Orc:4    | Found Ovalax's Food Shop.
 37189 | Orc:4    | Found Khoebun's General Store.
 37291 | Orc:4    | Found Moituach's Food Boutique.
 38783 | Orc:4    | Slain by a sun demon

Action                   |  1- 3 |  4- 6 |  7- 9 | 10-12 | 13-15 || total
-------------------------+-------+-------+-------+-------+-------++-------
Melee: Club              |    20 |       |       |       |       ||    20
       Unarmed           |     2 |       |       |       |       ||     2
       Dagger            |    32 |    47 |   119 |   118 |   112 ||   428
 Fire: Hunting sling     |       |    19 |    57 |   120 |    11 ||   207
Throw: Throwing net      |       |       |     1 |       |       ||     1
 Cast: Flame Tongue      |    51 |    78 |   219 |   344 |   584 ||  1276
       Throw Flame       |       |     2 |     4 |     4 |     9 ||    19
       Conjure Flame     |       |     7 |    17 |    56 |    38 ||   118
       Inner Flame       |       |     3 |     3 |    35 |    28 ||    69
       Sticky Flame      |       |       |    24 |   115 |   108 ||   247
       Stone Arrow       |       |       |     3 |     4 |    31 ||    38
       Fireball          |       |       |       |    27 |    31 ||    58
       Dazzling Spray    |       |       |       |       |    43 ||    43
       Iskenderun's Myst |       |       |       |       |     7 ||     7
       Apportation       |       |       |       |       |     9 ||     9
       Iskenderun's Batt |       |       |       |       |    47 ||    47
       Bolt of Fire      |       |       |       |       |    16 ||    16
       Blink             |       |       |       |       |     3 ||     3
Invok: Potion Petition   |       |       |     1 |       |     1 ||     2
Evoke: Wand              |       |       |     3 |     5 |     7 ||    15
  Use: Scroll            |       |     3 |    10 |     6 |    12 ||    31
 Stab: Sleeping          |     1 |     1 |     2 |       |       ||     4
